 Dungeon Crawl Stone Soup version 0.22.0-6-g71bd7aa (webtiles) character file.

334 digijack the Poker (level 6, -3/44 HPs)
             Began as a Merfolk Gladiator on Aug 15, 2018.
             Was a Follower of the Shining One.
             Killed by divine providence
             ... invoked by an orc priest
              (12 damage)
             ... on level 5 of the Dungeon.
             The game lasted 00:21:39 (3698 turns).

digijack the Poker (Merfolk Gladiator)              Turns: 3698, Time: 00:21:40

Health: -3/44      AC:  8    Str: 15    XL:     6   Next: 53%
Magic:  6/6        EV: 14    Int:  7    God:    the Shining One [*.....]
Gold:   140        SH:  0    Dex: 17    Spells: 5/5 levels left

rFire    . . .     SeeInvis .   a - +0 trident
rCold    . . .     Gourm    +   (no shield)
rNeg     . . .     Faith    .   e - +0 ring mail
rPois    +         Spirit   .   c - +1 helmet
rElec    .         Reflect  .   (no cloak)
rCorr    .         Harm     .   (no gloves)
MR       .....                  (no boots)
Stlth    +.........             b - amulet of the gourmand
HPRegen  0.14/turn              k - ring of poison resistance
MPRegen  0.10/turn              (no ring)

@: glowing
A: change form in water, swift swim, stealthy swim, frail 1, shaggy fur 1, wild
magic 1
a: Renounce Religion


You were on level 5 of the Dungeon.
You worshipped the Shining One.
The Shining One was aware of your devotion.
You were completely stuffed.

You visited 1 branch of the dungeon, and saw 5 of its levels.

You collected 140 gold pieces.

Inventory:

Hand Weapons
 a - a +0 trident (weapon)
Missiles
 j - 31 stones (quivered)
 l - 5 tomahawks
Armour
 c - a +1 helmet (worn)
 e - a +0 ring mail (worn)
Jewellery
 b - an amulet of the gourmand (around neck)
 k - a ring of poison resistance (left hand)
Scrolls
 g - a scroll of remove curse
 h - a scroll of identify
Potions
 d - a potion of magic
Comestibles
 f - 4 rations
 i - 2 chunks of flesh


   Skills:
 + Level 4.5 Fighting
 + Level 7.0 Polearms
 - Level 2.0 Throwing
 + Level 0.0 Armour
 + Level 6.2 Dodging


You had 5 spell levels left.
You didn't know any spells.
Your spell library was empty.

Dungeon Overview and Level Annotations

Branches:
Dungeon (6/15)
 Temple: D:4-7

Altars:
Makhleb
Okawaru
Uskayaw
Zin
The Shining One


Innate Abilities, Weirdness & Mutations

You revert to your normal form in water.
You are very nimble and swift while swimming.
You are very stealthy in the water. (Stealth+)
You are frail. (-10% HP)
You are covered in fur. (AC +1)
Your spells are a little harder to cast, but a little more powerful.


Message History

An orc priest comes into view.
It is wielding a short sword of draining.
The orc priest shouts!
You see here a hand axe.
The orc wizard casts a spell.
The orc wizard seems to speed up.
The orc wizard casts a cantrip, but nothing happens.
You open the door. The ooze closely misses you.
There is an open door here.
Found a long sword.
The ooze jiggles.
The howler monkey hoots and howls with incredible vigour!
The orc priest begins to cast a cantrip, but forgets the words!
The orc wizard gestures wildly while chanting.
The orc wizard flickers and vanishes!
Deactivating autopickup; reactivate with Ctrl-A.
You hear a shout!
You see here a long sword.
The orc priest invokes the aid of Beogh against you.
Beogh smites you!
You die...

###### ##########
#....# #......@.#
#....# #......J.#
#....### ########{#
##+##......##
#.###...#...#...#
#h..h......###...
#o....=...o.(.o..
#.a####..#.).a.#h
......#.o####o##.._§§##
......#....#...#.).§§#§


You could see a howler monkey, a worker ant, an orc priest, an ooze and an orc.

Vanquished Creatures
  5 orc wizards
  2 orc priests (D:3)
  A worker ant (D:5)
  2 adders
  2 oozes
  An adder zombie (D:5)
  3 dart slugs
  2 leopard geckos
  13 orcs
  2 ball pythons
  6 bats
  3 giant cockroaches
  12 goblins
  9 hobgoblins
  2 jackals (D:1)
  4 quokkas (D:3)
  3 frilled lizards (D:3)
  7 kobolds
  11 rats
90 creatures vanquished.

Notes
Turn   | Place    | Note
-------+----------+-------------------------------------------
     0 | D:1      | digijack the Merfolk Gladiator began the quest for the Orb.
     0 | D:1      | Reached XP level 1. HP: 16/16 MP: 1/1
   216 | D:1      | Reached XP level 2. HP: 18/23 MP: 2/2
   476 | D:1      | Reached skill level 5 in Polearms
   624 | D:1      | Reached XP level 3. HP: 28/28 MP: 3/3
  1563 | D:2      | Reached XP level 4. HP: 32/35 MP: 4/4
  1738 | D:2      | Found a glowing golden altar of the Shining One.
  1765 | D:2      | Became a worshipper of the Shining One
  1809 | D:2      | Reached skill level 5 in Dodging
  2548 | D:3      | Found a glowing silver altar of Zin.
  2601 | D:3      | Found a hide-covered altar of Uskayaw.
  2750 | D:3      | Reached XP level 5. HP: 35/41 MP: 5/5
  2801 | D:3      | Reached skill level 6 in Polearms
  2864 | D:3      | Gained mutation: You are frail. (-10% HP) [potion of mutation]
  2864 | D:3      | Gained mutation: You are covered in fur. (AC +1) [potion of mutation]
  2864 | D:3      | Gained mutation: Your spells are a little harder to cast, but a little more powerful. [potion of mutation]
  2868 | D:3      | The Shining One protects you from harm!
  3160 | D:3      | Reached XP level 6. HP: 43/43 MP: 6/6
  3364 | D:3      | Found a burning altar of Makhleb.
  3531 | D:3      | You fall through a shaft for 3 floors!
  3534 | D:6      | Reached * piety under the Shining One
  3536 | D:5      | Entered Level 5 of the Dungeon
  3557 | D:5      | Reached skill level 7 in Polearms
  3668 | D:5      | Found an iron altar of Okawaru.
  3698 | D:5      | Killed from afar by an orc priest

Skill      XL: |  1  2  3  4  5  6 |
---------------+-------------------+-----
Polearms       | 5 6 7 |  7.0
Fighting       | 3 4 |  4.5
Dodging        | 5 6 |  6.2
Throwing       | |  2.0

Action                   |  1- 3 |  4- 6 || total
-------------------------+-------+-------++-------
Melee: Trident           |   114 |   183 ||   297
  Use: Scroll            |     4 |     2 ||     6
       Potion            |     2 |     5 ||     7
 Stab: Sleeping          |     5 |       ||     5
  Eat: Chunk             |     2 |    21 ||    23
Armor: Leather armour    |    18 |     3 ||    21
       Ring mail         |       |    45 ||    45
Dodge: Dodged            |    48 |   133 ||   181
